 Dungeon Crawl Stone Soup version 0.20.1-1-g8b1a95d (webtiles) character file.

1870 Internecine the Quickloader (level 8, -16/68 HPs)
             Began as a Green Draconian Hunter on Oct 2, 2017.
             Was a Believer of Okawaru.
             Shot with an arrow by a centaur warrior (28 damage)
             ... on level 12 of the Dungeon.
             The game lasted 01:28:42 (8009 turns).

Internecine the Quickloader (DrHu)                  Turns: 8009, Time: 01:28:43

Health: -16/68     AC: 12    Str: 15    XL:     8   Next: 90%
Magic:  7/8        EV:  9    Int: 14    God:    Okawaru [**....]
Gold:   314        SH: 14    Dex: 14    Spells: 4/7 levels left

rFire    x . .     SeeInvis .   a - +1 hand crossbow
rCold    + . .     Gourm    .   H - +2 large shield {rN+}
rNeg     + + .     Faith    .   (armour unavailable)
rPois    +         Spirit   .   (helmet restricted)
rElec    .         Reflect  .   q - +2 cloak
rCorr    .         Harm     .   t - +2 pair of gloves
MR       +....                  (no boots)
Stlth    ++........             (no amulet)
Regen    0.3/turn               T - ring of protection from magic
MPRegen  0.2/turn               I - ring "Vytut" {Ice rN+ Int+3}

@: no status effects
A: breathe noxious fumes, unfitting armour, poison resistance, cold-blooded, AC
+6
a: Breathe Noxious Fumes, Heroism, Renounce Religion


You were on level 12 of the Dungeon.
You worshipped Okawaru.
Okawaru was pleased with you.
You were not hungry.

You visited 2 branches of the dungeon, and saw 11 of its levels.

You collected 314 gold pieces.

Inventory:

Hand Weapons
 a - a +1 hand crossbow (weapon)
 f - a +3 dagger
 i - a +0 rapier of flaming
 w - a +4 short sword
 z - a +2 dagger of draining
 C - a +0 hunting sling
 D - a +0 long sword
 G - a +3 whip of draining
 N - a +0 spear
 R - a +0 shortbow
Missiles
 c - 81 bolts (quivered)
 j - 4 needles of confusion
 k - 51 sling bullets
 m - 92 stones
 n - 2 throwing nets
 F - 20 poisoned needles
 Q - 35 arrows
Armour
 q - a +2 cloak (worn)
 t - a +2 pair of gloves (worn)
 H - a +2 large shield of positive energy (worn)
Jewellery
 I - the ring "Vytut" (right hand) {Ice rN+ Int+3}
   (You found it on level 6 of the Dungeon)

   [ring of ice]

   It enhances your ice magic.
   It affects your intelligence (+3).
   It makes you vulnerable to fire.
   It protects you from cold.
   It protects you from negative energy.
 T - a ring of protection from magic (left hand)
Wands
 p - a wand of acid (0/15)
Scrolls
 r - 3 scrolls of amnesia
 v - 3 scrolls of remove curse
Potions
 e - a potion of mutation {unknown}
 l - a potion of heal wounds {unknown}
 o - a potion of resistance {unknown}
 u - 2 potions of curing
 A - a potion of magic
 K - a potion of cancellation {unknown}
Books
 b - a book of Necromancy

   Spells                             Type                      Level
   a - Pain                           Necromancy                   1
   b - Animate Skeleton               Necromancy                   1
   c - Vampiric Draining              Necromancy                   3
   d - Regeneration                   Charms/Necromancy            3
   e - Animate Dead                   Necromancy                   4
   f - Control Undead                 Necromancy                   4
Comestibles
 d - 2 bread rations
 s - 10 fruits


   Skills:
 + Level 5.0 Fighting
 + Level 2.9 Short Blades
 + Level 8.8 Crossbows
 + Level 0.3 Throwing
 + Level 3.9 Dodging
 + Level 2.5 Stealth
 + Level 1.8 Shields
 + Level 0.1 Spellcasting
 + Level 0.1 Charms
 + Level 0.6 Necromancy
 + Level 0.8 Evocations


You had 4 spell levels left.
You knew the following spells:

 Your Spells              Type           Power        Failure   Level  Hunger
a - Regeneration          Chrm/Necr      #.........   100%        3    ####...


Dungeon Overview and Level Annotations

Branches:
Dungeon (12/15)            Temple (1/1) D:4            Lair (0/6) D:9
    Orc: D:9-12

Altars:
Ashenzari
Cheibriados
Dithmenos
Elyvilon
Fedhas
Gozag
Hepliaklqana
Kikubaaqudgha
Makhleb
Nemelex Xobeh
Okawaru
Qazlal
Ru
Sif Muna
Uskayaw
Vehumet
Xom
Yredelemnul
Zin


Innate Abilities, Weirdness & Mutations

You can breathe blasts of noxious fumes.
Your lurid green scales are hard. (AC +6)
You cannot fit into any form of body armour.
Your system is resistant to poisons. (rPois)
You are cold-blooded and may be slowed by cold attacks.


Message History

Aim: an adder (noxious fumes, severely wounded, confused)
You shoot a bolt. The bolt hits the adder!
You kill the adder!
Okawaru accepts your kill.
You eat the royal jelly.
That royal jelly was delicious!
You see here a bolt.
You see here a bolt.
c - 80 bolts (gained 1) Autopickup is now on.
c - 81 bolts (gained 1)
You feel like a meek peon again.
A centaur warrior comes into view.
The centaur warrior shouts!
The centaur warrior wields a longbow.
The centaur warrior shoots an arrow.
The arrow hits you!
* * * LOW HITPOINT WARNING * * *
You see here an arrow.
You have got your breath back.
The centaur warrior shoots an arrow.
The arrow hits you!!
You die...

.. # .. .#
.. #c## #.
....# #.#
###....
###..##...#
#....#..#
#.@(.#
#....##.###
....###
#...## ###
###<.#
##.....#
...###
##... ##...
...


You could see a centaur warrior.

Vanquished Creatures
  Eustachio (D:5)
  The ghost of Phantomfrettchen the Skirmisher, an amateur DsCK of Xom (D:3)
  A water moccasin (D:5)
  2 ogres
  3 orc warriors (D:6)
  A phantom (D:5)
  A centaur (D:6)
  A bullfrog (D:6)
  2 scorpions
  A crimson imp (D:5)
  A centaur zombie (D:5)
  2 orc priests
  A jelly (D:5)
  7 orc wizards
  An iguana (D:5)
  2 worker ants
  A howler monkey zombie (D:5)
  8 adders
  4 gnolls (D:5)
  2 shadow imps
  2 worms (D:3)
  4 dart slugs
  7 leopard geckos
  19 orcs
  6 bats
  5 giant cockroaches
  7 goblins
  3 hobgoblins
  10 jackals
  5 quokkas
  4 ball pythons
  2 frilled lizards
  7 kobolds
  A leopard gecko zombie (D:5)
  A quokka skeleton (D:5)
  26 rats
152 creatures vanquished.

Vanquished Creatures (others)
  A howler monkey (D:4)
1 creature vanquished.

Grand Total: 153 creatures vanquished

Notes
Turn   | Place    | Note
-------+----------+-------------------------------------------
     0 | D:1      | Internecine the Draconian Hunter began the quest for the Orb.
     0 | D:1      | Reached XP level 1. HP: 17/17 MP: 1/1
   361 | D:1      | Reached skill level 1 in Stealth
   628 | D:1      | Reached XP level 2. HP: 25/25 MP: 2/2
  1326 | D:2      | Reached skill level 4 in Crossbows
  1662 | D:2      | Reached XP level 3. HP: 27/30 MP: 3/3
  1971 | D:2      | You fall through a shaft!
  2047 | D:2      | Reached XP level 4. HP: 26/37 MP: 4/4
  2881 | D:3      | Noticed Phantomfrettchen's ghost (amateur DsCK)
  2899 | D:3      | Killed Phantomfrettchen's ghost
  2899 | D:3      | Reached skill level 1 in Short Blades
  2899 | D:3      | Reached skill level 5 in Crossbows
  2899 | D:3      | Reached XP level 5. HP: 8/45 MP: 5/5
  3334 | D:3      | Reached XP level 6. HP: 51/51 MP: 6/6
  3456 | D:3      | Found a deep blue altar of Sif Muna.
  3456 | D:3      | Found an ancient bone altar of Kikubaaqudgha.
  4433 | D:4      | Learned a level 3 spell: Regeneration
  4439 | D:4      | Found a staircase to the Ecumenical Temple.
  4485 | Temple   | Entered the Ecumenical Temple
  4539 | Temple   | Became a worshipper of Warmaster Okawaru
  5094 | D:4      | Reached skill level 6 in Crossbows
  5525 | D:5      | Entered Level 5 of the Dungeon
  5582 | D:5      | Noticed Eustachio
  5600 | D:5      | Killed Eustachio
  5600 | D:5      | Reached * piety under Okawaru
  5600 | D:5      | Your scales start taking on a lurid green colour.
  5600 | D:5      | Reached XP level 7. HP: 58/58 MP: 7/7
  5600 | D:5      | Gained mutation: Your system is resistant to poisons. (rPois) [Green Draconian growth]
  5657 | D:5      | Reached skill level 7 in Crossbows
  6305 | D:5      | Found a sacrificial altar of Ru.
  6305 | D:5      | Found a shimmering altar of Xom.
  6328 | D:5      | Reached ** piety under Okawaru
  6328 | D:5      | Reached XP level 8. HP: 53/66 MP: 8/8
  6914 | D:6      | Reached skill level 1 in Shields
  7112 | D:6      | Reached skill level 8 in Crossbows
  7473 | D:6      | Got a flickering amber ring
  7474 | D:6      | Identified the ring "Vytut" {Ice rN+ Int+3} (You found it on level 6 of the Dungeon)
  7547 | D:6      | Reached *** piety under Okawaru
  7547 | D:6      | Reached skill level 5 in Fighting
  7796 | D:6      | Found a blossoming altar of Fedhas.
  7856 | D:6      | You fall through a shaft for 3 floors!
  7873 | D:9      | Found a staircase to the Lair.
  7933 | D:10     | Entered Level 10 of the Dungeon
  7983 | D:11     | Noticed a cyclops
  8007 | D:12     | Noticed a centaur warrior
  8009 | D:12     | Shot with an arrow by a centaur warrior

Skill      XL: |  1  2  3  4  5  6  7  8 |
---------------+-------------------------+-----
Stealth        | 1 2 |  2.5
Crossbows      | 4 5 6 7 8 |  8.8
Dodging        | 2 3 |  3.9
Fighting       | 3 4 5 |  5.0
Short Blades   | 1 2 |  2.9
Shields        | 1 |  1.8
Throwing       | |  0.3
Spellcasting   | |  0.1
Charms         | |  0.1
Necromancy     | |  0.6
Evocations     | |  0.8

Action                   |  1- 3 |  4- 6 |  7- 9 || total
-------------------------+-------+-------+-------++-------
Melee: Dagger            |    37 |       |       ||    37
       Tailslap          |     5 |       |     8 ||    13
       Short sword       |       |    34 |    55 ||    89
 Fire: Hand crossbow     |    77 |   123 |   136 ||   336
Throw: Stone             |       |     3 |       ||     3
Invok: Heroism           |       |       |     2 ||     2
 Abil: Breathe Noxious F |       |       |     2 ||     2
Evoke: Wand              |       |     3 |     5 ||     8
  Use: Scroll            |       |     4 |    10 ||    14
       Potion            |       |       |     3 ||     3
  Eat: Chunk             |     3 |    10 |     8 ||    21
       Royal jelly       |       |       |     1 ||     1
Armor: Skin              |    23 |    18 |    50 ||    91
Dodge: Dodged            |    46 |    48 |    42 ||   136
Block: Large shield      |       |       |    99 ||    99
